 Dungeon Crawl Stone Soup version 0.15-a0-1866-g491fd59 (webtiles) character file.

336 PolkaDot the Vexing (level 6, -1/41 HPs)
             Began as a Vampire Enchanter on July 4, 2014.
             Slain by Pikel
             ... wielding a +0 whip of flaming
              (3 damage)
             ... on Level 4 of the Dungeon.
             The game lasted 00:11:12 (3026 turns).

PolkaDot the Vexing (Vampire Enchanter)             Turns: 3026, Time: 00:11:12

HP  -1/41        AC  3     Str  7      XL: 6   Next: 28%
MP   1/10        EV 12     Int 27      God:
Gold 103         SH  0     Dex 14      Spells:  4 memorised,  1 level left

rFire  . . .     SeeInvis +     a - +1 dagger
rCold  + + .     Clarity  +     b - +1 robe
rNeg   + + +     rCorr    .     (no shield)
rPois  +         rRot     +     (no helmet)
rElec  .         Spirit   .     (no cloak)
SustAb .         Warding  .     (no gloves)
rMut   .         Stasis   .     (no boots)
Gourm  .                        i - amulet of clarity
MR     .....                    q - ring of teleport control
                                e - +3 ring of intelligence

@: brilliant, regenerating slowly, not resistant to hostile enchantments,
stealthy
A: bottle blood, fangs 3, see invisible, unbreathing
a: Bat Form, Bottle Blood, Evoke Teleport Control


You were on level 4 of the Dungeon.
You were near bloodless.

You visited 1 branch of the dungeon, and saw 4 of its levels.

You collected 103 gold pieces.

Inventory:

Hand weapons
 a - a +1 dagger (weapon)
Armour
 b - a +1 robe (worn)
Scrolls
 h - a scroll of identify
 j - 2 scrolls of enchant weapon {unknown}
 k - a scroll of remove curse {unknown}
 n - a scroll of enchant armour {unknown}
 o - a scroll of magic mapping {unknown}
 p - a scroll of recharging {unknown}
 r - a scroll of random uselessness {unknown}
Jewellery
 e - a +3 ring of intelligence (left hand)
 i - an amulet of clarity (around neck)
 q - a ring of teleport control (right hand)
 s - an uncursed amulet of stasis
Potions
 g - 3 potions of brilliance
 l - 2 potions of flight
Books
 c - a book of Maledictions

   Spells                             Type                      Level
   *Corona                            Hexes                        1
   *Sure Blade                        Hexes/Charms                 2
   *Ensorcelled Hibernation           Hexes/Ice                    2
   *Confuse                           Hexes                        3
   Dazzling Spray                     Conjuration/Hexes            3
   Enslavement                        Hexes                        4


   Skills:
 - Level 3.2 Short Blades
 - Level 2.1 Dodging
 + Level 6.4 Stealth
 - Level 2.0 Spellcasting
 * Level 7.4 Hexes
 + Level 1.6 Charms
 - Level 1.2 Ice Magic


You had one spell level left.
You knew the following spells:

 Your Spells              Type           Power        Failure   Level  Hunger
a - Corona                Hex            ######.      1%          1    None
b - Sure Blade            Hex/Chrm       #####.....   1%          2    ##.....
c - Confuse               Hex            ######..     1%          3    ###....
d - Ensorcelled Hibernat  Hex/Ice        #####.       1%          2    ##.....


Dungeon Overview and Level Annotations

Branches:
Dungeon (4/15)
 Temple: D:4-7

Altars:
Xom

Annotations:
D:4 Pikel


Innate Abilities, Weirdness & Mutations

You heal slowly.
You can bottle blood from corpses.
You have razor-sharp teeth.*
You have supernaturally acute eyesight.
You can survive without breathing.*


Message History

You hit Pikel but do no damage.
Pikel is almost dead.
You feel a little less agile now. Pikel hits you with a whip of flaming.
Pikel burns you. The slave hits you!
You hit Pikel but do no damage.
Pikel is almost dead.
Pikel closely misses you.
You closely miss Pikel.
Pikel is almost dead.
The slave misses you.
You hit Pikel but do no damage.
Pikel is almost dead.
Pikel closely misses you. The slave hits you.
* * * LOW HITPOINT WARNING * * *
You barely miss Pikel.
Pikel is almost dead.
Pikel hits you with a whip of flaming!
* * * LOW HITPOINT WARNING * * *
Pikel burns you.
You die...

...# .... ...# ....
...# ... .###
####.###### .#
#.........# )##
#.........#
..########.........#
#..................###
..)....###.....K@....#
..)........p.###p###.#
))).....##...# #.# #.##
.............###'###..#
........#.#..%.'_'p...#
.............#######..#
.............# ### #..#
..........?..#######p.#
###...................#


You could see Pikel and 2 slaves.

Vanquished Creatures
  A slave (D:4)
  The ghost of haldagan the Ducker, an average FeMo (D:4)
  An orc priest (D:3)
  A jelly (D:4)
  A worker ant (D:4)
  10 adders
  3 giant geckos
  An ooze (D:2)
  9 orcs
  7 bats
  3 giant cockroaches
  7 hobgoblins
  5 kobolds
  5 quokkas
  3 ball pythons
  5 giant newts
  6 goblins
  9 rats
78 creatures vanquished.

Notes
Turn   | Place    | Note
--------------------------------------------------------------
     0 | D:1      | PolkaDot, the Vampire Enchanter, began the quest for the Orb.
     0 | D:1      | Reached XP level 1. HP: 13/13 MP: 3/3
   250 | D:1      | Reached XP level 2. HP: 11/19 MP: 2/4
   380 | D:1      | Learned a level 2 spell: Ensorcelled Hibernation
   755 | D:2      | Reached XP level 3. HP: 24/24 MP: 6/6
   760 | D:2      | Learned a level 3 spell: Confuse
   875 | D:2      | Reached skill level 1 in Ice Magic
  1070 | D:2      | Reached skill level 5 in Hexes
  1339 | D:2      | Reached XP level 4. HP: 27/30 MP: 4/7
  1532 | D:2      | Reached skill level 5 in Stealth
  2191 | D:3      | Reached skill level 6 in Hexes
  2191 | D:3      | Reached XP level 5. HP: 35/35 MP: 6/9
  2652 | D:4      | Noticed haldagan's ghost (average FeMo)
  2655 | D:4      | Learned a level 2 spell: Sure Blade
  2674 | D:4      | Killed haldagan's ghost
  2674 | D:4      | Reached skill level 7 in Hexes
  2674 | D:4      | Reached skill level 1 in Charms
  2793 | D:4      | Reached XP level 6. HP: 41/41 MP: 7/10
  2918 | D:4      | Noticed a slave
  2928 | D:4      | Found a shimmering altar of Xom.
  2951 | D:4      | Noticed a slave
  2952 | D:4      | Noticed a slave
  2954 | D:4      | Noticed Pikel
  2954 | D:4      | Noticed a slave
  2966 | D:4      | Killed a slave
  2997 | D:4      | HP: 1/41 [worker ant (6)]
  3026 | D:4      | HP: 2/41 [Pikel/whip of flaming (9)]
  3026 | D:4      | Slain by Pikel

Action                   |  1- 3 |  4- 6 || total
-------------------------+-------+-------++-------
Melee: Dagger            |    86 |   130 ||   216
 Cast: Corona            |     4 |       ||     4
       Ensorcelled Hiber |     5 |    36 ||    41
       Confuse           |       |     2 ||     2
       Sure Blade        |       |     1 ||     1
  Use: Potion            |     1 |     5 ||     6
       Scroll            |       |     4 ||     4
 Stab: Sleeping          |    12 |    26 ||    38
       Confused          |       |     3 ||     3
